 Dungeon Crawl Stone Soup version 0.31.0-32-g396128a36d (webtiles) character file.

Game seed: 6658542081894483087

657 spaghetti the Caller (level 7, -7/47 HPs)
             Began as a Demonspawn Summoner on Mar 10, 2024.
             Mangled by a nameless horror (10 damage)
             ... created by miscasting Summon Blazeheart Golem
             ... on level 4 of the Dungeon.
             The game lasted 00:08:04 (3811 turns).

spaghetti the Caller (Demonspawn Summoner)          Turns: 3811, Time: 00:08:05

Health: -7/47      AC:  7    Str: 14    XL:     7   Next: 29%
Magic:  0/14       EV: 17    Int: 23    God:
Gold:   135        SH:  0    Dex: 14    Spells: 6/16 levels left

rFire   + + .        v - +1 dagger (speed)
rCold   . . .        (no shield)
rNeg    . . .        e - +1 robe {Will+}
rPois   .            r - +1 helmet of Crawling {rF++}
rElec   .            (no cloak)
rCorr   .            (no gloves)
SInv    .            n - +1 pair of boots
Will    +....        q - amulet of the acrobat
Stlth   +            d - +6 ring of strength
HPRegen 0.27/turn    f - +6 ring of intelligence
MPRegen 0.14/turn

%: acrobat
@: agile, silenced
A: ignite blood 1, powered by pain 2, weakness stinger 1
a: no special abilities


You were on level 4 of the Dungeon.
You visited 1 branch of the dungeon, and saw 5 of its levels.

You collected 135 gold pieces.

Inventory:

Hand Weapons
 v - a +1 dagger of speed (weapon)
Armour
 e - a +1 robe of willpower (worn)
 n - a +1 pair of boots (worn)
 p - a +0 helmet
 r - the +1 helmet of Crawling (worn) {rF++}
   (You found it on level 2 of the Dungeon)

   rF++:      It greatly protects you from fire.
Jewellery
 d - a +6 ring of strength (left hand)
 f - a +6 ring of intelligence (right hand)
 q - an amulet of the acrobat (around neck)
Scrolls
 h - 3 scrolls of brand weapon
 k - a scroll of poison {unknown}
 t - a scroll of blinking {unknown}
 u - a scroll of enchant weapon {unknown}
Potions
 l - a potion of attraction


   Skills:
 - Level 0.6 Fighting
 - Level 1.7 Dodging
 - Level 1.7 Stealth
 - Level 5.0 Spellcasting
 - Level 5.0 Summonings
 + Level 4.6 Fire Magic


You had 6 spell levels left.
You knew the following spells:

 Your Spells              Type           Power      Damage    Failure   Level
a - Summon Small Mammal   Summ           100%       N/A       1%          1
b - Call Imp              Summ           56%        N/A       1%          2
c - Call Canine Familiar  Summ           28%        N/A       3%          3
d - Summon Blazeheart Go  Fire/Summ      27%        N/A       13%         4

Your spell library contained the following spells:

 Spells                   Type           Power      Damage    Failure   Level
 Summon Lightning Spire   Summ/Air       17%        N/A       32%         4


Dungeon Overview and Level Annotations

Branches:
Dungeon (5/15)
 Temple: D:4-7

Altars:
Makhleb
Nemelex Xobeh
Vehumet

Shops:
D:1 =


Innate Abilities, Weirdness & Mutations

Your demonic aura sometimes causes spilled blood to erupt in flames.
You sometimes gain power by taking damage.
You have a small tail.


Message History

You hit the nameless horror but do no damage.
The nameless horror is lightly damaged.
The nameless horror hits you!
You focus on the pain.
You feel agile all of a sudden.
You feel your power leaking away.
You hit the nameless horror but do no damage.
You hit the nameless horror but do no damage.
The nameless horror closely misses you.
Okay, then.
You hit the nameless horror but do no damage.
The nameless horror hits you!
You feel your power leaking away.
You hit the nameless horror.
The nameless horror is lightly damaged.
You hit the nameless horror but do no damage.
You tail-slap the nameless horror, but do no damage.
The nameless horror is lightly damaged.
The nameless horror misses you.
You hit the nameless horror but do no damage.
The nameless horror hits you.
You completely miss the nameless horror.
The nameless horror hits you!
* * * LOW HITPOINT WARNING * * *
You barely miss the nameless horror.
You tail-slap the nameless horror, but do no damage.
You hit the nameless horror.
The nameless horror is lightly damaged.
The nameless horror barely misses you.
You hit the nameless horror but do no damage.
The nameless horror is lightly damaged.
The nameless horror hits you.
* * * LOW HITPOINT WARNING * * *
Okay, then.
You hit the nameless horror but do no damage.
You tail-slap the nameless horror, but do no damage.
The nameless horror is lightly damaged.
You hit the nameless horror but do no damage.
The nameless horror is lightly damaged.
The nameless horror hits you!
You die...

####...#.###.###.#.#
###.............#
#.....##....#####
#########.......#
#.....)).......#
#)#######......# #.#
###......# ####.#
#...###..# #.@###
#......... #X##
######~~.. #.#
#≈≈≈≈≈≈≈≈≈≈ #.#
≈≈≈≈≈≈≈≈≈≈≈ #)#
####≈≈≈~.~~ #.##
####~~..~
#..########..~P..~.
###.....oX.........
#........#.####.#


You could see a nameless horror (unsilenced).

Vanquished Creatures
  A black bear (D:4)
  2 orc priests (D:4)
  3 orc wizards (D:4)
  2 adders (D:3)
  An orc (D:4)
  An endoplasm (D:3)
  2 giant cockroaches
  5 goblins
  3 hobgoblins
  2 quokkas
  4 ball pythons
  A frilled lizard (D:3)
  6 kobolds
  4 rats (D:2)
37 creatures vanquished.

Vanquished Creatures (collateral kills)
  Edmund (D:4)
  An ice beast (D:4)
  A jelly (D:4)
  Jessica (D:2)
  2 orc wizards (D:4)
  Robin (D:4)
  A ribbon worm (D:2)
  4 dart slugs
  4 orcs
  2 ball pythons
  2 bats (D:1)
  A giant cockroach (D:1)
  8 goblins
  5 hobgoblins
  2 quokkas
  2 frilled lizards
  A kobold (D:4)
  2 rats (D:3)
41 creatures vanquished.

Vanquished Creatures (others)
  A blazeheart core (D:4)
1 creature vanquished.

Grand Total: 79 creatures vanquished

Notes
Turn   | Place    | Note
-------+----------+-------------------------------------------
     0 | D:1      | spaghetti the Demonspawn Summoner began the quest for the
                  | Orb.
     0 | D:1      | Reached XP level 1. HP: 13/13 MP: 3/3
   185 | D:1      | Found Cuemm's Jewellery Emporium.
   202 | D:1      | Gained mutation: You sometimes gain a little power by
                  | taking damage. [demonic ancestry]
   202 | D:1      | Reached XP level 2. HP: 6/19 MP: 1/5
   306 | D:3      | Learned a level 2 spell: Call Imp
   521 | D:2      | Found a radiant altar of Vehumet.
   651 | D:2      | Found a faded altar of an unknown god.
   859 | D:1      | Gained mutation: You sometimes gain power by taking damage.
                  | [demonic ancestry]
   859 | D:1      | Reached XP level 3. HP: 22/24 MP: 5/7
   863 | D:1      | Learned a level 3 spell: Call Canine Familiar
  1698 | D:2      | Noticed Jessica
  1710 | D:2      | Killed Jessica
  1711 | D:2      | Reached XP level 4. HP: 27/30 MP: 1/8
  1776 | D:2      | Identified the +1 helmet of Crawling {rF++}
  2026 | D:3      | Reached skill level 5 in Summonings
  2577 | D:4      | Found a sparkling altar of Nemelex Xobeh.
  2577 | D:4      | Found a burning altar of Makhleb.
  2663 | D:4      | Noticed Robin
  2679 | D:4      | Killed Robin
  2759 | D:4      | Noticed Edmund
  2838 | D:4      | Killed Edmund
  2839 | D:4      | Reached skill level 5 in Spellcasting
  2839 | D:4      | Gained mutation: You have a small tail. [demonic ancestry]
  2839 | D:4      | Reached XP level 5. HP: 3/36 MP: 1/12
  2928 | D:4      | Learned a level 4 spell: Summon Blazeheart Golem
  2992 | D:4      | Noticed an ice beast
  3045 | D:4      | Killed an ice beast
  3046 | D:4      | Gained mutation: Your demonic aura sometimes causes spilled
                  | blood to erupt in flames. [demonic ancestry]
  3046 | D:4      | Reached XP level 6. HP: 30/42 MP: 8/13
  3326 | D:4      | Reached XP level 7. HP: 47/47 MP: 6/14
  3731 | D:5      | Entered Level 5 of the Dungeon
  3732 | D:5      | Noticed a nameless horror
  3811 | D:4      | Mangled by a nameless horror

Illustrated notes

Levels and vault maps discovered:
D:1:      lightli_arrival_isolated_outpost, layout_basic, serial_shops, shop
D:2:      layout_loops_ring, hellmonk_ecumenical_altar_arch_garden, basic_altar,
          kennysheep_jessica_study
D:3:      layout_rooms
D:4:      layout_basic, mainiacjoe_overflow_large_starburst, zin_treasury,
          serial_curves, eino_curves_03, eino_curves_01, eino_curves_03,
          chequers_serial_rivers_micro_e, chequers_big_river, uniq_edmund,
          uniq_robin
D:5:      layout_gridville, minmay_temple_entry_hall, uniq_menkaure

Skill      XL: |  1  2  3  4  5  6  7 |
---------------+----------------------+-----
Spellcasting   | 3 5 |  5.0
Summonings     | 5 |  5.0
Fire Magic     | 2 3 4 |  4.6
Fighting       | |  0.6
Dodging        | |  1.7
Stealth        | |  1.7

Action                     |  1- 3 |  4- 6 |  7- 9 || total
---------------------------+-------+-------+-------++-------
  Melee: Unarmed           |   170 |       |       ||   170
         Punch             |     1 |       |       ||     1
         Dagger            |       |    77 |    30 ||   107
         Tailslap          |       |     1 |     8 ||     9
   Cast: Summon Small Mamm |    19 |     6 |     5 ||    30
         Call Imp          |    12 |    18 |     3 ||    33
         Call Canine Famil |     4 |    15 |     2 ||    21
         Summon Blazeheart |       |     3 |     4 ||     7
    Use: Scroll            |     3 |     5 |     2 ||    10
         Potion            |       |     9 |       ||     9
   Stab: Sleeping          |     4 |       |       ||     4
         Distracted        |     1 |       |       ||     1
 Armour: Robe              |   100 |    53 |    23 ||   176
  Dodge: Dodged            |   145 |    57 |    22 ||   224
